 Dungeon Crawl Stone Soup version 0.30-a0-165-g1891117ce2 (webtiles) character file.

Game seed: 2372723567961646970

95 qw the Chopper (level 4, -4/28 HPs)
             Began as a Gargoyle Fighter on Sept 28, 2022.
             Slain by Natasha (5 damage)
             ... on level 3 of the Dungeon.
             The game lasted 00:00:39 (1743 turns).

qw the Chopper (Gargoyle Fighter)                   Turns: 1743, Time: 00:00:40

Health: -4/28      AC: 12    Str: 22    XL:     4   Next: 65%
Magic:  4/4        EV:  9    Int:  8    God:
Gold:   107        SH:  4    Dex:  9    Spells: 3/3 levels left

rFire   . . .      SeeInvis .    Y - +0 war axe
rCold   . . .      Faith    .    c - +0 buckler
rNeg    + . .      Spirit   .    b - +0 scale mail
rPois   inf        Reflect  .    (no helmet)
rElec   +          Harm     .    (no cloak)
rCorr   +          Rampage  .    h - +1 pair of gloves
Will    .....                    (no boots)
Stlth   ..........               (no amulet)
HPRegen 0.09/turn                j - ring of resist corrosion
MPRegen 0.09/turn                (no ring)

@: slowed, very slow
A: sickness immunity, AC +3, negative energy resistance 1, electricity
resistance, torment resistance 1, petrification resistance
a: no special abilities


You were on level 3 of the Dungeon.
You visited 1 branch of the dungeon, and saw 3 of its levels.

You collected 107 gold pieces.


Innate Abilities, Weirdness & Mutations

You are immune to sickness and miasma.
Your stone body is resilient. (AC +3)
You are immune to poison.
You resist negative energy. (rN+)
You are resistant to electric shocks. (rElec)
You are resistant to unholy torment.
You are immune to petrification.


   Skills:
 - Level 3.2 Fighting
 + Level 4.3 Axes
 - Level 3.2 Armour
 - Level 3.2 Shields


You had 3 spell levels left.
You didn't know any spells.
Your spell library was empty.

Inventory:

Hand Weapons
 i - a +0 whip
 Y - a +0 war axe (weapon)
Missiles
 l - 2 boomerangs (quivered)
Armour
 b - a +0 scale mail (worn)
 c - a +0 buckler (worn)
 h - a +1 pair of gloves (worn)
Jewellery
 j - a ring of resist corrosion (left hand)
Potions
 d - a potion of might
 e - a potion of curing {unknown}
 g - a potion of ambrosia {unknown}
 k - a potion of degeneration {unknown}

Dungeon Overview and Level Annotations

Branches:
Dungeon (3/15)

Altars:
Vehumet

Shops:
D:2 (

Annotations:
D:3 Natasha


Message History

The puff of frost hits you.
You closely miss Natasha. You slash the white imp! Natasha claws you.
The white imp closely misses you. Natasha claws you but does no damage.
You block the white imp's attack.
You hit the white imp.
The white imp is almost dead.
You closely miss Natasha. Natasha closely misses you.
The white imp hits you but does no damage.
Natasha claws you but does no damage.
You barely miss the white imp.
The white imp is almost dead.
You slash Natasha! The white imp gestures at you. The puff of frost hits you.
Natasha closely misses you. The white imp barely misses you.
Natasha claws you but does no damage.
You closely miss the white imp.
The white imp is almost dead.
You barely miss Natasha.
The white imp hits you but does no damage.
Natasha mumbles some strange words.
Natasha shimmers violently.
Natasha stares at you and mumbles some strange words.
You resist with some effort.
The white imp hits you but does no damage.
Natasha claws you.
The white imp hits you but does no damage.
You slash the white imp!
You kill the white imp!
The white imp disappears in a puff of smoke!
You hit Natasha.
Natasha hisses.
Natasha claws you. Natasha claws you but does no damage.
You closely miss Natasha.
Natasha is severely wounded.
Natasha barely misses you. Natasha claws you.
You closely miss Natasha.
Natasha is severely wounded.
Natasha claws you but does no damage. Natasha claws you.
You die...

.. ... .#...#
.#...## .......
#####.#...#
.........##
.#######.........
......h@...#
...........##..#
.#######<........
#...##....
#.....>.##
#........#
#.#.......
.........
#.#.#..#.


You could see Natasha.

Vanquished Creatures
  Natasha (D:3)
  4 adders (D:2)
  4 endoplasms
  3 giant cockroaches (D:1)
  2 goblins (D:2)
  2 hobgoblins
  4 jackals (D:2)
  2 quokkas (D:1)
  3 ball pythons
  3 bats
  A frilled lizard (D:2)
  2 kobolds (D:2)
  2 rats (D:1)
33 creatures vanquished.

Notes
Turn   | Place    | Note
-------+----------+-------------------------------------------
     0 | D:1      | qw the Gargoyle Fighter began the quest for the Orb.
     0 | D:1      | Reached XP level 1. HP: 14/14 MP: 1/1
     0 | D:1      | 0 ||| qw: Version: 0.2-a-12-gaebbb33
     0 | D:1      | 0 ||| qw: Game counter: 786
     0 | D:1      | 0 ||| qw: Always use a shield: true
     0 | D:1      | 0 ||| qw: God list: Okawaru
     0 | D:1      | 0 ||| qw: Allow faded altars: false
     0 | D:1      | 0 ||| qw: Do Orc after D:15 true
     0 | D:1      | 0 ||| qw: Do second Lair branch before Depths: true
     0 | D:1      | 0 ||| qw: Lair rune preference: random
     0 | D:1      | 0 ||| qw: Plans: Normal, Zot:1-4, God:TSO, Crypt, Tomb,
                  | Pan, Slime:5, Hells, Abyss, Orb
     0 | D:1      | 0 ||| PLANNING D:1-11
   143 | D:1      | Reached skill level 2 in Axes
   356 | D:1      | Found a faded altar of an unknown god.
   432 | D:1      | Reached XP level 2. HP: 19/19 MP: 2/2
   825 | D:1      | 825 ||| UPGRADING to +1 pair of gloves.
   830 | D:1      | 830 ||| READING scroll labelled QOSIYPL BORANA.
   835 | D:1      | 835 ||| READING scroll labelled NAFAIQEURU.
   989 | D:2      | Reached skill level 3 in Axes
  1006 | D:2      | Found a radiant altar of Vehumet.
  1074 | D:2      | Reached XP level 3. HP: 21/23 MP: 3/3
  1203 | D:2      | 1203 ||| Stepping ~*~*~tactically~*~*~ (stealth).
  1209 | D:2      | 1209 ||| Stepping ~*~*~tactically~*~*~ (stealth).
  1210 | D:2      | 1210 ||| Stepping ~*~*~tactically~*~*~ (stealth).
  1221 | D:2      | 1221 ||| DROPPING +0 club.
  1344 | D:2      | Reached XP level 4. HP: 28/28 MP: 4/4
  1415 | D:2      | Reached skill level 4 in Axes
  1583 | D:2      | Found Ehas's Weapon Boutique.
  1697 | D:2      | 1697 ||| DROPPING +6 ring of intelligence.
  1698 | D:2      | 1698 ||| UPGRADING to ring of resist corrosion.
  1699 | D:2      | 1699 ||| READING scroll labelled INAD HUITIJ.
  1705 | D:3      | Noticed Natasha
  1720 | D:3      | Killed Natasha
  1733 | D:3      | Noticed Natasha
  1740 | D:3      | HP: 5/28 [Natasha (4)]
  1742 | D:3      | HP: 1/28 [Natasha (2)]
  1743 | D:3      | Slain by Natasha

Levels and vault maps discovered:
D:1:      lightli_iron_boxes, layout_loops_ring,
          ebering_ecumenical_altar_petrified
D:2:      layout_basic, serial_shops, nicolae_shop_bloodbath_and_beyond,
          basic_altar
D:3:      minmay_chambers_of_twos, layout_basic, gammafunk_temple_overflow_wave,
          serial_shops, shop, kennysheep_generic_room_13, uniq_natasha

Skill      XL: |  1  2  3  4 |
---------------+-------------+-----
Axes           | 2 3 4 |  4.3
Fighting       | |  3.2
Armour         | |  3.2
Shields        | |  3.2

Action                   |  1- 3 |  4- 6 || total
-------------------------+-------+-------++-------
Melee: War axe           |   102 |    36 ||   138
  Use: Scroll            |     2 |     1 ||     3
Armor: Scale mail        |    84 |    27 ||   111
Dodge: Dodged            |    55 |    17 ||    72
Block: Buckler           |    18 |    10 ||    28

Table legend:
 A = Non-vault XP
 B = Vault XP
 C = Vault XP percentage of total XP
 D = Non-vault monster count
 E = Vault monster count
 F = Vault count percentage of total count
                 A         B        C        D         E       F
            +---------+---------+-------+---------+---------+-------
      Total |     101 |      35 |  25.7 |      32 |       1 |   3.0
            +---------+---------+-------+---------+---------+-------
        D:1 |      20 |       0 |   0.0 |      12 |       0 |   0.0
        D:2 |      79 |       0 |   0.0 |      19 |       0 |   0.0
        D:3 |       2 |      35 |  94.6 |       1 |       1 |  50.0
            +---------+---------+-------+---------+---------+-------
